 Dungeon Crawl Stone Soup version 0.12.2-22-g286eab9 (webtiles) character file.

230 Gabry the Shield-Bearer (level 5, -3/46 HPs)
             Began as a Minotaur Fighter on Aug 24, 2013.
             Slain by an orc
             ... wielding a +2,+2 orcish flail of protection
              (5 damage)
             ... on Level 3 of the Dungeon.
             The game lasted 00:08:08 (1786 turns).

Gabry the Shield-Bearer (Minotaur Fighter)          Turns: 1786, Time: 00:08:08

HP  -3/46        AC  9     Str 20      XL: 5   Next:  6%
MP   1/1         EV 11     Int  5      God:
Gold 85          SH 10     Dex 11      Spells:  0 memorised,  4 levels left

Res.Fire  : . . .   See Invis. : .   a - +0 mace
Res.Cold  : . . .   Warding    : .   k - +0 mottled dragon armour
Life Prot.: . . .   Conserve   : .   u - +0 buckler
Res.Poison: .       Res.Corr.  : .   (helmet restricted)
Res.Elec. : .       Clarity    : .   (no cloak)
Sust.Abil.: . .     Spirit.Shd : .   b - +1 pair of gloves
Res.Mut.  : .       Stasis     : .   (no boots)
Res.Rott. : .       Ctrl.Telep.: .   (no amulet)
Saprovore : . . .   Flight     : .   (no ring)
                                     (no ring)

@: slowed, very slow, slightly resistant to hostile enchantments, unstealthy
A: retaliatory headbutt, horns 2
a: no special abilities


You were on level 3 of the Dungeon.
You were not hungry.

You visited 1 branch of the dungeon, and saw 3 of its levels.

You collected 65 gold pieces.

Inventory:

Hand weapons
 a - a +0,+0 mace (weapon)
 j - a cursed -2,+0 elven spear (quivered)
Armour
 b - a +1 pair of gloves (worn)
 k - a +0 mottled dragon armour (worn)
 p - a +0 splint mail
 u - a +0 buckler (worn)
Comestibles
 c - a meat ration
 d - a bread ration
 w - an apple
Scrolls
 e - 2 scrolls of remove curse
 h - 2 scrolls of fog {unknown}
 l - a scroll of enchant weapon II {unknown}
 n - 7 scrolls of identify {unknown}
 q - a scroll of amnesia {unknown}
 r - 2 scrolls of enchant weapon I {unknown}
 s - a scroll of fear {unknown}
 t - a scroll of enchant armour {unknown}
 v - 3 scrolls of random uselessness {unknown}
Potions
 f - a potion of might {unknown}
 g - a potion of degeneration {unknown}
 i - 3 potions of curing {unknown}
 m - a potion of confusion {unknown}
 o - a potion of heal wounds {unknown}


   Skills:
 + Level 4.2 Fighting
 + Level 3.2 Maces & Flails
 + Level 4.3 Armour
 + Level 2.2 Dodging
 + Level 0.3 Stealth
 + Level 4.7 Shields
 + Level 0.6 Traps


You had 4 spell levels left.
You didn't know any spells.

Dungeon Overview and Level Annotations

Branches:
Dungeon (3/27)

Altars:


Innate Abilities, Weirdness & Mutations

You reflexively headbutt those who attack you in melee.
You have a pair of horns on your head.


Message History

You block the orc wizard's attack.
The orc wizard hits you with an orcish dagger.
* * * LOW HITPOINT WARNING * * *
The orc wizard hits you but does no damage.
You barely miss the orc wizard. You headbutt the orc wizard.
The orc wizard is moderately wounded.
The orc wizard hits you with an orcish dagger.
* * * LOW HITPOINT WARNING * * *
The orc wizard gestures at you while chanting.
The magic dart hits you!
* * * LOW HITPOINT WARNING * * *
The orc wizard hits you but does no damage.
You sock the orc wizard! You headbutt the orc wizard.
You kill the orc wizard!
Your Dodging skill increases to level 2!
You have reached level 5!
You hit the orc.
The orc is severely wounded.
The orc hits you with a glowing orcish flail.
You die...

#.....##.#..#.......
#......#.###.##.####
#...%........##.#
#......#..#####.#
#.....###.# #.#
###.#.# #.# #.#
#.#.# #.# #.. #.#.#
#.# ### #@#.# #.#
#o#.# #.# #g#.# #.#


#go ##. .. .. ... . You could see 2 gnolls and 2 orcs.

Vanquished Creatures
  An orc priest (D:3)
  An orc wizard (D:3)
  A gnoll (D:1)
  3 adders (D:2)
  A worm (D:2)
  2 giant geckos (D:2)
  2 ball pythons
  A giant cockroach (D:1)
  5 goblins (D:2)
  7 hobgoblins
  7 jackals (D:1)
  4 kobolds
  6 bats
  A giant newt (D:2)
  9 rats
51 creatures vanquished.

Vanquished Creatures (others)
  A ball python (D:1)
  A giant newt (D:1)
2 creatures vanquished.

Grand Total: 53 creatures vanquished

Notes
Turn   | Place    | Note
--------------------------------------------------------------
     0 | D:1      | Gabry, the Minotaur Fighter, began the quest for the Orb.
     0 | D:1      | Reached XP level 1. HP: 19/19 MP: 0/0
   245 | D:1      | Reached XP level 2. HP: 20/26 MP: 0/0
   500 | D:1      | Reached skill level 4 in Shields
   632 | D:1      | Reached XP level 3. HP: 26/33 MP: 1/1
  1053 | D:2      | Reached skill level 1 in Dodging
  1184 | D:2      | Reached XP level 4. HP: 40/40 MP: 1/1
  1784 | D:3      | HP: 1/40 [orc wizard/magic dart (2)]
  1785 | D:3      | Reached XP level 5. HP: 1/46 MP: 1/1
  1786 | D:3      | Slain by an orc

Action                   |  1- 3 |  4- 6 || total
-------------------------+-------+-------++-------
Melee: Mace              |    83 |    43 ||   126
  Use: Scroll            |     2 |     1 ||     3
